 Dungeon Crawl Stone Soup version 0.28-a0-724-g66f9036eb4 (webtiles) character file.

Game seed: 316142359602404115

0 meatgazer the Skirmisher (level 1, -4/19 HPs)
             Began as a Hill Orc Abyssal Knight on Oct 26, 2021.
             Was a Follower of Lugonu.
             Slain by a small abomination (8 damage)
             ... on level 1 of the Abyss.
             The game lasted 00:00:15 (127 turns).

meatgazer the Skirmisher (Hill Orc Abyssal Knight)   Turns: 127, Time: 00:00:16

Health: -4/19      AC:  3    Str: 15    XL:     1   Next: 0%
Magic:  2/2        EV: 11    Int: 10    God:    Lugonu [*.....]
Gold:   2          SH:  0    Dex: 11    Spells: 0/0 levels left

rFire   . . .      SeeInvis .   a - +1 hand axe
rCold   . . .      Faith    .   (no shield)
rNeg    . . .      Spirit   .   b - +0 leather armour
rPois   .          Reflect  .   (no helmet)
rElec   .          Harm     .   (no cloak)
rCorr   .          Rampage  .   (no gloves)
Will    .....                   (no boots)
Stlth   +.........              (no amulet)
HPRegen 0.06/turn               (no ring)
MPRegen 0.08/turn               (no ring)

@: no status effects
A: no striking features
a: Renounce Religion, Depart the Abyss


You were on level 1 of the Abyss.
You worshipped Lugonu.
Lugonu was aware of your devotion.
You visited 0 branches of the dungeon, and saw 0 of its levels.
You visited the Abyss 1 time.

You collected 2 gold pieces.

Inventory:

Hand Weapons
 a - a +1 hand axe (weapon)
Armour
 b - a +0 leather armour (worn)


   Skills:
 + Level 3.6 Fighting
 + Level 2.6 Axes
 + Level 2.1 Armour
 + Level 0.7 Dodging
 + Level 2.4 Invocations


You couldn't memorise any spells.
You didn't know any spells.
Your spell library was empty.

Dungeon Overview and Level Annotations

Branches:
Dungeon (0/15)

Altars:


Message History

Welcome, meatgazer the Hill Orc Abyssal Knight.
Will you be the one to retrieve the legendary Orb of Zot from the depths?
Lugonu says: Depart the Abyss and spread corruption, my servant! (use the ability menu to exit the Abyss) Press ? for a list of commands and other information.
Found a corrupted altar of Lugonu.
Found a gateway leading out of the Abyss.
Found a broken altar of Ashenzari.
Found a hand axe.
A wight comes into view.
It is wielding a +3 scimitar of freezing.
A cyan very ugly thing comes into view.
A lurking horror comes into view.
Found 2 gold pieces.
Your body is wracked with pain!
You now have 2 gold pieces.
You open the door.
Found a gateway leading out of the Abyss.
There is an open door here.
There is a gateway leading out of the Abyss here.
You open the door.
A small abomination comes into view.
There is an open door here.
You hit the small abomination but do no damage.
The small abomination closely misses you.
You hit the small abomination but do no damage.
The small abomination hits you!
* * * LOW HITPOINT WARNING * * *
A large abomination comes into view.
You barely miss the small abomination.
The small abomination barely misses you.
The small abomination hits you!
You die...

.... # ..
X#. #. #.
.. ... .#..
.#..#. ..
.#. ..#...
#.#..
#..#..# ...
..#.##.##x#
...#.....@#
#....#.#.#
.# #
#.....#..#
## #......#
..#.#z##..#
.. ##..+∩+
..# ...
#...#'# .##
#.# ###...#
#. # .
.#.##. # .


You could see a large abomination (wandering), a small abomination and a wight.

Vanquished Creatures (others)
  A lurking horror (Abyss:1)
1 creature vanquished.

Notes
Turn   | Place    | Note
-------+----------+-------------------------------------------
     0 | Abyss:1  | meatgazer the Hill Orc Abyssal Knight began the quest for
                  | the Orb.
     0 | Abyss:1  | Reached XP level 1. HP: 19/19 MP: 2/2
    42 | Abyss:1  | Found a broken altar of Ashenzari.
    96 | Abyss:1  | Noticed a wight
    98 | Abyss:1  | Noticed a cyan very ugly thing
   119 | Abyss:1  | Noticed a small abomination
   126 | Abyss:1  | Noticed a large abomination
   127 | Abyss:1  | Slain by a small abomination

Illustrated notes

Levels and vault maps discovered:
Abyss:1:  base: Temple, base: Temple, evilmike_abyss_exit_1,
          evilmike_abyss_exit_1

Action                   || total
-------------------------++-------
Melee: Hand axe          ||     3
Dodge: Dodged            ||     2

Table legend: (Time is in decaauts)
 A = Elapsed time spent in this place.
 B = Non-inter-level travel time spent in this place.
 C = Inter-level travel time spent in this place.
 D = Time resting spent in this place.
 E = Time spent auto-exploring this place.
 F = Levels seen in this place.
 G = Mean time per level.
                   A        B        C        D        E       F      G
               +--------+--------+--------+--------+--------+-----+--------+
         Total |    127 |    127 |      0 |      0 |     93 |   1 |  127.0 |
         Abyss |    127 |    127 |      0 |      0 |     93 |   1 |  127.0 |
               +--------+--------+--------+--------+--------+-----+--------+

Top non-repeatable levels by time:
 Abyss:1: 127 daAuts
